 Dungeon Crawl Stone Soup version 0.31-a0-1074-g0b22e4e0f1 (webtiles) character file.

Game seed: 17284682993945497373

1918 obanaku the Cleaver (level 8, -6/71 HPs)
             Began as a Minotaur Fighter on Nov 29, 2023.
             Mangled by Menkaure (20 damage)
             ... on level 7 of the Dungeon.
             The game lasted 00:13:19 (6945 turns).

obanaku the Cleaver (Minotaur Fighter)              Turns: 6945, Time: 00:13:20

Health: -6/71      AC:  7    Str: 24    XL:     8   Next: 95%
Magic:  7/7        EV:  9    Int:  5    God:
Gold:   582        SH:  0    Dex: 15    Spells: 7/7 levels left

rFire   . . .        a - +0 war axe
rCold   . . .        p - +1 tower shield
rNeg    . . .        b - +0 scale mail
rPois   +            (helmet restricted)
rElec   .            (no cloak)
rCorr   .            (no gloves)
SInv    .            (no boots)
Will    .....        e - amulet of regeneration Stlth
                     d - ring of poison resistance
HPRegen 1.11/turn    s - +6 ring of dexterity
MPRegen 0.10/turn

%: no passive effects
@: confused, ambrosia-drunk, studying Staves
A: horns 2, retaliatory headbutt
a: no special abilities


You were on level 7 of the Dungeon.
You visited 1 branch of the dungeon, and saw 7 of its levels.
You also visited: Ossuary.

You collected 582 gold pieces.

Inventory:

Hand Weapons
 a - a +0 war axe (weapon)
 G - a +0 spear
Missiles
 F - 3 throwing nets
Armour
 b - a +0 scale mail (worn)
 c - a +0 buckler
 p - a +1 tower shield (worn)
 y - a scarf of invisibility
Jewellery
 d - a ring of poison resistance (left hand)
 e - an amulet of regeneration (around neck)
 o - an amulet of the acrobat
 q - a ring of willpower
 s - a +6 ring of dexterity (right hand)
 A - a ring of protection from fire
 E - a +6 ring of dexterity
Wands
 j - a wand of flame (37)
 z - a wand of light (15)
Scrolls
 i - 5 scrolls of amnesia
 k - 3 scrolls of teleportation
 m - 3 scrolls of fear
Potions
 f - a potion of cancellation
 g - 3 potions of attraction
 h - a potion of invisibility
 l - 2 potions of magic
 n - a potion of resistance
 r - a potion of haste
 t - 2 potions of enlightenment
 u - 2 potions of ambrosia
 v - 2 potions of mutation {unknown}
 w - a potion of brilliance {unknown}
 x - 5 potions of curing {unknown}
 B - 3 potions of heal wounds {unknown}
 C - 2 potions of berserk rage {unknown}
 D - 5 potions of might
 H - 3 potions of degeneration {unknown}
 L - 2 potions of lignification {unknown}


   Skills:
 + Level 6.6 Fighting
 + Level 9.5 Axes
 + Level 6.5 Armour
 + Level 3.0 Dodging
 + Level 0.6 Stealth
 + Level 6.9 Shields


You had 7 spell levels left.
You didn't know any spells.
Your spell library contained the following spells:

 Spells                   Type           Power      Damage    Failure   Level
 Blink                    Tloc           0%         N/A       100%        2
 Ensorcelled Hibernation  Hex/Ice        0%         N/A       100%        2
 Jinxbite                 Hex            0%         N/A       100%        2
 Lesser Beckoning         Tloc           0%         N/A       100%        2
 Momentum Strike          Conj/Tloc      0%         3d8       100%        2
 Static Discharge         Conj/Air       0%         3-3/arc   100%        2
 Stone Arrow              Conj/Erth      0%         3d7       100%        3
 Airstrike                Air            0%         2d(0-16)  100%        4
 Anguish                  Hex/Necr       0%         N/A       100%        4
 Animate Armour           Summ/Erth      0%         N/A       100%        4
 Summon Lightning Spire   Summ/Air       0%         N/A       100%        4
 Lehudib's Crystal Spear  Conj/Erth      0%         10d2      100%        8


Dungeon Overview and Level Annotations

Branches:
Dungeon (7/15)             Temple (0/1) D:6         Ossuary (visited)

Altars:
Dithmenos
Elyvilon
Gozag
Kikubaaqudgha
Okawaru
Wu Jian
Yredelemnul
The Shining One

Annotations:
D:7 Menkaure


Innate Abilities, Weirdness & Mutations

You have a pair of horns on your head.
You reflexively headbutt those who attack you in melee.


Message History

You kill the orc!
The scorpion stings you. You block the orc's attack.
The scorpion closely misses you. You furiously retaliate!
You headbutt the scorpion!
You kill the scorpion!
Your Dodging skill increases to level 3!
You block the orc's attack.
You see here a +0 dagger.
You slice the orc!!
You kill the orc!
No target in view!
Found 7 gold pieces.
You now have 564 gold pieces (gained 6).
z - a wand of light (15)
You see here a staff of poison.
You now have 571 gold pieces (gained 7).
Found a ring mail.
You see here a +0 ring mail.
You now have 582 gold pieces (gained 11).
Menkaure, Prince of Dust comes into view.
Found 12 gold pieces.
Menkaure shouts!
Menkaure barely misses you.
You hit Menkaure.
Menkaure is lightly damaged.
Menkaure calls on the powers of darkness!
Your body is wracked with pain!
You hit Menkaure.
Menkaure is moderately damaged.
Menkaure calls on the powers of darkness!
Your body is wracked with pain!
* * * LOW HITPOINT WARNING * * *
You are too injured to fight recklessly!
You are confused.
You feel invigorated. Menkaure hits you!
* * * LOW HITPOINT WARNING * * *
You bump into the rock wall.
Menkaure hits you!!
* * * LOW HITPOINT WARNING * * *
You're too confused to move!
Menkaure hits you!!
You die...

#. #..##..........##.......
#. #...# ........##...#....#
#. #.#..#
........##..###..## #.#
##.##.# ###..###....#....#
#.####..# .#####...##......#
## #.##...##
......#.##.....##. #.##.###
####..#........... #.#..#
####...........##. #.#)##
##....@####....## #...#
........M$.........
#.####...####.#...$..#######
.......# #........##
#.###### #..#........
#.##### ###.......###.#
#.....##..........# ...
..................# ##.
...............####


You could see Menkaure.

Vanquished Creatures
  2 sky beasts
  A black bear (D:6)
  A phantom (D:4)
  A bullfrog (D:7)
  4 scorpions
  4 wights (D:6)
  A howler monkey (D:6)
  2 orc priests
  A jelly (D:4)
  7 hounds
  4 sleepcaps
  Natasha (thrice) (D:2)
  4 iguanas
  3 orc wizards
  8 mummies (Ossuary)
  7 gnolls
  8 adders
  A shadow imp (D:6)
  2 ufetubi (D:5)
  2 worms
  A dart slug (D:4)
  21 orcs
  3 endoplasms
  2 giant cockroaches
  12 goblins
  5 hobgoblins
  10 kobolds
  3 quokkas
  7 ball pythons
  5 bats
  A gnoll zombie (Ossuary)
  A goblin zombie (D:6)
  2 hobgoblin zombies (Ossuary)
  5 orc zombies (Ossuary)
  A quokka zombie (D:6)
  7 rats
152 creatures vanquished.

Notes
Turn   | Place    | Note
-------+----------+-------------------------------------------
     0 | D:1      | obanaku the Minotaur Fighter began the quest for the Orb.
     0 | D:1      | Reached XP level 1. HP: 19/19 MP: 0/0
   314 | D:1      | Reached XP level 2. HP: 6/28 MP: 1/1
  1117 | D:1      | Reached XP level 3. HP: 34/34 MP: 2/2
  1771 | D:2      | Reached skill level 3 in Axes
  2084 | D:2      | Noticed Natasha
  2090 | D:2      | Killed Natasha
  2091 | D:2      | Reached XP level 4. HP: 35/41 MP: 3/3
  2215 | D:2      | Noticed Natasha
  2221 | D:2      | Killed Natasha
  2222 | D:2      | Reached skill level 4 in Axes
  2583 | D:2      | Noticed Natasha
  2588 | D:2      | Killed Natasha
  2589 | D:2      | Reached XP level 5. HP: 47/47 MP: 4/4
  2744 | D:3      | Reached skill level 5 in Fighting
  2744 | D:3      | Reached skill level 1 in Dodging
  3108 | D:3      | Reached skill level 5 in Axes
  3146 | D:3      | Reached XP level 6. HP: 40/56 MP: 5/5
  3659 | D:4      | Reached skill level 5 in Shields
  4038 | D:4      | Found a basalt altar of Yredelemnul.
  4061 | D:4      | Reached skill level 6 in Axes
  4082 | D:4      | Reached XP level 7. HP: 61/61 MP: 6/6
  4948 | D:5      | Entered Level 5 of the Dungeon
  4963 | D:5      | Reached skill level 5 in Armour
  5065 | D:5      | Found an ornate altar of the Wu Jian Council.
  5093 | D:5      | Noticed a spectral centipede
  5093 | D:5      | Noticed a spectral black mamba
  5093 | D:5      | Noticed a spectral cane toad
  5218 | D:5      | Reached skill level 7 in Axes
  5220 | D:5      | Found an iron altar of Okawaru.
  5511 | D:5      | Found a white marble altar of Elyvilon.
  5518 | D:5      | Reached XP level 8. HP: 70/70 MP: 7/7
  5540 | D:5      | Found an opulent altar of Gozag.
  5660 | D:6      | Found a sand-covered staircase.
  5673 | Ossuary  | Entered an ossuary
  6040 | Ossuary  | Reached skill level 8 in Axes
  6413 | D:6      | Found a shadowy altar of Dithmenos.
  6417 | D:6      | Found an ancient bone altar of Kikubaaqudgha.
  6434 | D:6      | Found a glowing golden altar of the Shining One.
  6572 | D:6      | Found a staircase to the Ecumenical Temple.
  6677 | D:6      | Reached skill level 9 in Axes
  6938 | D:7      | Noticed Menkaure
  6945 | D:7      | Mangled by Menkaure

Illustrated notes

Levels and vault maps discovered:
D:1:      zelgadis_glass_arrival_small, layout_basic
D:2:      layout_basic, uniq_natasha
D:3:      layout_loops_ring, minmay_tree_intersection,
          kennysheep_decorative_pillar
D:4:      layout_rooms, mainiacjoe_overflow_brackets, minmay_manual_monstrance
D:5:      layout_cave_pools, okawaru_gym_becter, mainiacjoe_overflow_big_doors,
          pdpol_wu_jian_five_deadly_venoms
D:6:      layout_loops_ring, grunt_temple_overflow_diamond,
          minmay_temple_entry_proselytizer, enter_ossuary_4
D:7:      layout_rooms, uniq_menkaure

Skill      XL: |  1  2  3  4  5  6  7  8 |
---------------+-------------------------+-----
Fighting       | 4 5 6 |  6.6
Armour         | 4 5 6 |  6.5
Axes           | 3 4 5 6 7 9 |  9.5
Shields        | 4 5 6 |  6.9
Dodging        | 1 2 3 |  3.0
Stealth        | |  0.6

Action                     |  1- 3 |  4- 6 |  7- 9 || total
---------------------------+-------+-------+-------++-------
  Melee: War axe           |    79 |   112 |   198 ||   389
         Headbutt          |    11 |    18 |    41 ||    70
    Use: Scroll            |     6 |     3 |     8 ||    17
         Potion            |     1 |       |     1 ||     2
 Armour: Scale mail        |    64 |    77 |    88 ||   229
  Dodge: Dodged            |    36 |    23 |    36 ||    95
  Block: Buckler           |    12 |       |       ||    12
         Tower shield      |    33 |    95 |   171 ||   299

Table legend: (Time is in decaauts)
 A = Elapsed time spent in this place.
 B = Non-inter-level travel time spent in this place.
 C = Inter-level travel time spent in this place.
 D = Time resting spent in this place.
 E = Time spent auto-exploring this place.
 F = Levels seen in this place.
 G = Mean time per level.
                   A        B        C        D        E       F      G
               +--------+--------+--------+--------+--------+-----+--------+
         Total |   7117 |   6882 |    235 |   1994 |   3523 |   8 |  889.6 |
       Dungeon |   6533 |   6298 |    235 |   1658 |   3383 |   7 |  933.3 |
       Ossuary |    583 |    583 |      0 |    336 |    140 |   1 |  583.0 |
               +--------+--------+--------+--------+--------+-----+--------+

Top non-repeatable levels by time:
     D:1: 1746 daAuts
     D:4: 1349 daAuts
     D:2: 1022 daAuts
     D:3: 943 daAuts
     D:5: 688 daAuts
     D:6: 626 daAuts
 Ossuary: 583 daAuts
     D:7: 157 daAuts
